PAAA
PORT ROYAL DISASTER @ SYRACUSE STARKS
07/26/2042
 
TOP OF THE 1ST
Port Royal Disaster batting - Pitching for Syracuse Starks : LHP Ollie McDaniell
Pitching: LHP Ollie McDaniell
Batting: RHB Vesa Karpinen 0-0: Ball
1-0: Ball
2-0: Ball
3-0: Base on Balls
Batting: RHB Michael Brannon 0-0: Swinging Strike
0-1: Grounds into double play, U3-6 (Groundball, 3L, EV 96.2 MPH)
Batting: RHB Anson Darrah 0-0: Called Strike
0-1: Ball
1-1: Ball
2-1: Foul Ball, location: 2F
2-2: Foul Ball, location: 2F
2-2: Foul Ball, location: 2F
2-2: SINGLE (Line Drive, 9LS, EV 109.4 MPH)
Batting: RHB Bryant Dixon 0-0: Ball
1-0: DOUBLE (Flyball, 8RXD, EV 92.5 MPH)
Anson Darrah to third
Runner from 3rd tries for Home, SAFE, no throw by CF
Batting: RHB Sean Roberts 0-0: Called Strike
0-1: Ball
1-1: Called Strike
1-2: Ball
2-2: Ball
3-2: Strikes out looking
Top of the 1st over - 1 run, 2 hits, 0 errors, 1 left on base; Port Royal 1 - Syracuse 0
BOTTOM OF THE 1ST
Syracuse Starks batting - Pitching for Port Royal Disaster : RHP Ren-qing Weng
Pitching: RHP Ren-qing Weng
Batting: RHB Damon Newbold 0-0: SINGLE (Flyball, 89S, EV 91.2 MPH)
Batting: RHB Akke Derksen 0-0: Called Strike
0-1: Ball
1-1: Swinging Strike
1-2: Ball
2-2: Ball
3-2: Fly out, F7 (Flyball, 7S, EV 82.5 MPH)
Batting: LHB Mare Riseley 0-0: Foul Ball, location: 2F
0-1: Foul Ball, location: 2F
0-2: Ball
1-2: Foul Ball, location: 2F
1-2: Foul Ball, location: 2F
1-2: Fly out, F7 (Flyball, 78XD, EV 82.5 MPH)
Batting: RHB Takashi Miike 0-0: Ball
1-0: Called Strike
1-1: Fly out, F7 (Flyball, 7D, EV 100.0 MPH)
Bottom of the 1st over - 0 runs, 1 hit, 0 errors, 1 left on base; Port Royal 1 - Syracuse 0
TOP OF THE 2ND
Port Royal Disaster batting - Pitching for Syracuse Starks : LHP Ollie McDaniell
Batting: RHB Tomás Martí 0-0: Called Strike
0-1: Ground out 5-3 (Groundball, 56, EV 87.5 MPH)
Batting: RHB Gerold Kent 0-0: Called Strike
0-1: Ball
1-1: Foul Ball, location: 2F
1-2: Ball
2-2: Ground out 5-3 (Groundball, 56, EV 105.0 MPH)
Batting: RHB Louie Kennard 0-0: Ground out 5-3 (Groundball, 5, EV 103.1 MPH)
Top of the 2nd over - 0 runs, 0 hits, 0 errors, 0 left on base; Port Royal 1 - Syracuse 0
BOTTOM OF THE 2ND
Syracuse Starks batting - Pitching for Port Royal Disaster : RHP Ren-qing Weng
Batting: RHB Atanza Vongor 0-0: Called Strike
0-1: Ball
1-1: Ball
2-1: Ground out 5-3 (Groundball, 5S, EV 66.2 MPH)
Batting: RHB Patrick Mildren 0-0: Called Strike
0-1: Fly out, F9 (Flyball, 9S, EV 85.6 MPH)
Batting: RHB Francisco Agámez 0-0: Ball
1-0: Ball
2-0: Foul Ball, location: 2F
2-1: SOLO HOME RUN (Flyball, 7D, EV 96.9 MPH), Distance : 366 ft
Batting: RHB Jonathan Elmore 0-0: Called Strike
0-1: Ball
1-1: Ball
2-1: Foul Ball, location: 2F
2-2: Foul Ball, location: 2F
2-2: Strikes out swinging
Bottom of the 2nd over - 1 run, 1 hit, 0 errors, 0 left on base; Port Royal 1 - Syracuse 1
TOP OF THE 3RD
Port Royal Disaster batting - Pitching for Syracuse Starks : LHP Ollie McDaniell
Batting: RHB Mark Merry 0-0: Foul Ball, location: 2F
0-1: Swinging Strike
0-2: Strikes out swinging
Batting: RHB Vesa Karpinen 0-0: Ball
1-0: Called Strike
1-1: Foul Ball, location: 2F
1-2: Ground out 6-3 (Groundball, 56, EV 105.0 MPH)
Batting: RHB Michael Brannon 0-0: Ball
1-0: Foul Ball, location: 2F
1-1: Ball
2-1: Ball
3-1: Foul Ball, location: 2F
3-2: Ground out 6-3 (Groundball, 6S, EV 92.5 MPH)
Top of the 3rd over - 0 runs, 0 hits, 0 errors, 0 left on base; Port Royal 1 - Syracuse 1
BOTTOM OF THE 3RD
Syracuse Starks batting - Pitching for Port Royal Disaster : RHP Ren-qing Weng
Batting: RHB Jimmy Robinson 0-0: Ball
1-0: Fly out, F9 (Flyball, 9LM, EV 90.0 MPH)
Batting: RHB Damon Newbold 0-0: Ball
1-0: Foul Ball, location: 2F
1-1: Ball
2-1: Ball
3-1: Base on Balls
Batting: RHB Akke Derksen 0-0: Called Strike
0-1: Called Strike
0-2: Fly out, F8 (Flyball, 8RS, EV 91.9 MPH)
Batting: LHB Mare Riseley 0-0: Ball
1-0: Foul Ball, location: 2F
1-1: Ball
2-1: Foul Ball, location: 2F
2-2: Ball
3-2: Foul Ball, location: 2F
3-2: Base on Balls
Damon Newbold to second
Batting: RHB Takashi Miike 0-0: Ball
1-0: Foul Ball, location: 2F
1-1: Foul Ball, location: 2F
1-2: Ball
2-2: Ball
3-2: Foul Ball, location: 2F
3-2: Foul Ball, location: 2F
3-2: Strikes out swinging
Bottom of the 3rd over - 0 runs, 0 hits, 0 errors, 2 left on base; Port Royal 1 - Syracuse 1
TOP OF THE 4TH
Port Royal Disaster batting - Pitching for Syracuse Starks : LHP Ollie McDaniell
Batting: RHB Anson Darrah 0-0: Called Strike
0-1: Foul Ball, location: 2F
0-2: Ball
1-2: Ball
2-2: Foul Ball, location: 2F
2-2: Fly out, F4 (Popup, 4S, EV 80.0 MPH)
Batting: RHB Bryant Dixon 0-0: Foul Ball, location: 2F
0-1: Foul Ball, location: 2F
0-2: Ball
1-2: Ball
2-2: Ground out U3 (Groundball, 3L, EV 82.5 MPH)
Batting: RHB Sean Roberts 0-0: Called Strike
0-1: Ground out 4-3 (Groundball, 4, EV 102.5 MPH)
Top of the 4th over - 0 runs, 0 hits, 0 errors, 0 left on base; Port Royal 1 - Syracuse 1
BOTTOM OF THE 4TH
Syracuse Starks batting - Pitching for Port Royal Disaster : RHP Ren-qing Weng
Batting: RHB Atanza Vongor 0-0: Ball
1-0: Ball
2-0: Called Strike
2-1: SINGLE (Groundball, 6S, EV 71.2 MPH) (infield hit)
Batting: RHB Patrick Mildren Pickoff Throw to First - Error! E1
Atanza Vongor to second
0-0: Foul Ball, location: 2F
0-1: Called Strike
0-2: Foul Ball, location: 2F
0-2: Ball
1-2: Ball
2-2: DOUBLE (Line Drive, 89M, EV 91.2 MPH)
Atanza Vongor scores
Batting: RHB Francisco Agámez 0-0: Ball
1-0: Ball
2-0: Foul Ball, location: 2F
2-1: Ball
3-1: Swinging Strike
3-2: Ground out 5-3 (Groundball, 56, EV 104.4 MPH)
Batting: RHB Jonathan Elmore 0-0: Called Strike
0-1: Ground out 6-3 (Groundball, 6, EV 106.2 MPH)
Batting: RHB Jimmy Robinson 0-0: Called Strike
0-1: Ball
1-1: Ball
2-1: Swinging Strike
2-2: Ball
3-2: Strikes out swinging
Bottom of the 4th over - 1 run, 2 hits, 1 error, 1 left on base; Port Royal 1 - Syracuse 2
TOP OF THE 5TH
Port Royal Disaster batting - Pitching for Syracuse Starks : LHP Ollie McDaniell
Batting: RHB Tomás Martí 0-0: Called Strike
0-1: Called Strike
0-2: Ground out 5-3 (Groundball, 56, EV 88.8 MPH)
Batting: RHB Gerold Kent 0-0: Fly out, F8 (Flyball, 8RD, EV 102.5 MPH)
Batting: RHB Louie Kennard 0-0: Ball
1-0: Called Strike
1-1: Foul Ball, location: 2F
1-2: Ball
2-2: SINGLE (Groundball, 6MD, EV 98.1 MPH)
Batting: RHB Mark Merry 0-0: Called Strike
0-1: Ball
1-1: Foul Ball, location: 2F
1-2: Ball
2-2: SINGLE (Flyball, 7LS, EV 83.8 MPH)
Louie Kennard to second
Louie Kennard to third
Batting: RHB Vesa Karpinen 0-0: Foul Ball, location: 2F
0-1: Foul Ball, location: 2F
0-2: Ball
1-2: Ball
2-2: SINGLE (Line Drive, 78S, EV 92.5 MPH)
Louie Kennard scores
Mark Merry to second
Batting: RHB Michael Brannon 0-0: Ball
1-0: Called Strike
1-1: Swinging Strike
1-2: Ball
2-2: Ground out 3-1 (Groundball, 3S, EV 81.9 MPH)
Top of the 5th over - 1 run, 3 hits, 0 errors, 2 left on base; Port Royal 2 - Syracuse 2
BOTTOM OF THE 5TH
Syracuse Starks batting - Pitching for Port Royal Disaster : RHP Ren-qing Weng
Batting: RHB Damon Newbold 0-0: SINGLE (Flyball, 89S, EV 86.2 MPH)
Batting: RHB Akke Derksen 0-0: SINGLE (Line Drive, 89S, EV 98.1 MPH)
Damon Newbold to second
Batting: LHB Mare Riseley 0-0: Ball
1-0: Fly out, F7 (Flyball, 78S, EV 90.0 MPH)
Batting: RHB Takashi Miike 0-0: Called Strike
0-1: Ball
1-1: Ball
2-1: Swinging Strike
2-2: TRIPLE (Line Drive, 8RXD, EV 102.5 MPH)
Damon Newbold scores
Akke Derksen scores
Pitching: LHP Tyrone Poole
Batting: RHB Atanza Vongor 0-0: Ground out 1-3 (Groundball, P, EV 68.8 MPH)
Batting: RHB Patrick Mildren 0-0: Fly out, F9 (Flyball, 89S, EV 91.9 MPH)
Bottom of the 5th over - 2 runs, 3 hits, 0 errors, 1 left on base; Port Royal 2 - Syracuse 4
TOP OF THE 6TH
Port Royal Disaster batting - Pitching for Syracuse Starks : LHP Ollie McDaniell
Batting: RHB Anson Darrah 0-0: Ball
1-0: Called Strike
1-1: Called Strike
1-2: Ball
2-2: Strikes out swinging
Batting: RHB Bryant Dixon 0-0: Called Strike
0-1: Foul Ball, location: 2F
0-2: Ball
1-2: Ball
2-2: Ball
3-2: Base on Balls
Batting: RHB Sean Roberts 0-0: Fly out, F8 (Flyball, 8LD, EV 100.6 MPH)
Batting: RHB Tomás Martí 0-0: Called Strike
0-1: SINGLE (Line Drive, 8LS, EV 92.5 MPH)
Bryant Dixon to second
Runner from 2nd tries for 3rd, SAFE, no throw by CF
Batting: RHB Gerold Kent 0-0: Foul Ball, location: 2F
0-1: Ball
1-1: Ball
2-1: Foul Ball, location: 2F
2-2: Foul Ball, location: 2F
2-2: Foul Ball, location: 2F
2-2: Ball
3-2: Foul Ball, location: 2F
3-2: Ground out 6-3 (Groundball, 6, EV 84.4 MPH)
Top of the 6th over - 0 runs, 1 hit, 0 errors, 2 left on base; Port Royal 2 - Syracuse 4
BOTTOM OF THE 6TH
Syracuse Starks batting - Pitching for Port Royal Disaster : LHP Tyrone Poole
Batting: RHB Francisco Agámez 0-0: Foul Ball, location: 2F
0-1: Ball
1-1: Foul Ball, location: 2F
1-2: Ground out 1-3 (Groundball, 15S, EV 72.5 MPH)
Batting: RHB Jonathan Elmore 0-0: Ball
1-0: Ball
2-0: Ball
3-0: Called Strike
3-1: Base on Balls
Batting: RHB Jimmy Robinson 0-0: Called Strike
0-1: Ball
1-1: Swinging Strike
1-2: Foul Ball, location: 2F
1-2: Ball
2-2: Foul Ball, location: 2F
2-2: Ball
3-2: Fly out, F9 (Flyball, 89M, EV 91.9 MPH)
Batting: RHB Damon Newbold 0-0: Fly out, F8 (Line Drive, 8RM, EV 96.9 MPH)
Bottom of the 6th over - 0 runs, 0 hits, 0 errors, 1 left on base; Port Royal 2 - Syracuse 4
TOP OF THE 7TH
Port Royal Disaster batting - Pitching for Syracuse Starks : LHP Ollie McDaniell
Batting: RHB Louie Kennard 0-0: Foul Ball, location: 2F
0-1: Foul Ball, location: 2F
0-2: Ball
1-2: Ball
2-2: Foul Ball, location: 2F
2-2: Ball
3-2: Ground out 6-3 (Groundball, 6, EV 99.4 MPH)
Batting: RHB Mark Merry 0-0: Ball
1-0: Foul Ball, location: 2F
1-1: Called Strike
1-2: SINGLE (Groundball, 6, EV 94.4 MPH) (infield hit)
Pitching: LHP Stan Lowe
Batting: RHB Vesa Karpinen 0-0: Ball
1-0: Foul Ball, location: 2F
1-1: Ball
2-1: SINGLE (Groundball, 6MD, EV 99.4 MPH)
Mark Merry to second
Runner from 2nd tries for 3rd, SAFE, throw by CF made to third
Pitching: RHP Jason Sanders
Batting: RHB Michael Brannon 0-0: Called Strike
Vesa Karpinen steals 2nd base
0-1: Swinging Strike
0-2: Ball
1-2: Ball
2-2: Ball
3-2: Foul Ball, location: 2F
3-2: Fly out, F7 (Flyball, 7D, EV 106.2 MPH)
Runner from 3rd tags up, SCORES, no throw by LF
Vesa Karpinen to third
Batting: RHB Anson Darrah 0-0: Ball
1-0: Foul Ball, location: 2F
1-1: Foul Ball, location: 2F
1-2: Foul Ball, location: 2F
1-2: Strikes out looking
Top of the 7th over - 1 run, 2 hits, 0 errors, 1 left on base; Port Royal 3 - Syracuse 4
BOTTOM OF THE 7TH
Syracuse Starks batting - Pitching for Port Royal Disaster : LHP Tyrone Poole
Batting: RHB Akke Derksen 0-0: Called Strike
0-1: Ball
1-1: Ball
2-1: Ball
3-1: Foul Ball, location: 2F
3-2: Base on Balls
Batting: LHB Mare Riseley 0-0: Called Strike
0-1: Foul Ball, location: 2F
0-2: Ball
1-2: Foul Ball, location: 2F
1-2: SINGLE (Groundball, 6MD, EV 111.9 MPH)
Akke Derksen to second
Runner from 2nd tries for 3rd, OUT! 8-5
Batting: RHB Takashi Miike 0-0: Ball
1-0: Ball
2-0: Called Strike
2-1: Ball
3-1: Called Strike
3-2: Fly out, F8 (Flyball, 8LS, EV 83.1 MPH)
Batting: RHB Atanza Vongor 0-0: Fly out, F9 (Line Drive, 9, EV 101.2 MPH)
Bottom of the 7th over - 0 runs, 1 hit, 0 errors, 1 left on base; Port Royal 3 - Syracuse 4
TOP OF THE 8TH
Port Royal Disaster batting - Pitching for Syracuse Starks : RHP Jason Sanders
Batting: RHB Bryant Dixon 0-0: Ball
1-0: Ball
2-0: Called Strike
2-1: Ball
3-1: Base on Balls
Batting: RHB Sean Roberts 0-0: Called Strike
0-1: Ball
1-1: Foul Ball, location: 2F
1-2: Strikes out swinging
Batting: RHB Tomás Martí 0-0: Ball
1-0: SINGLE (Groundball, 6MD, EV 106.9 MPH)
Bryant Dixon to second
Runner from 2nd tries for 3rd, SAFE, throw by CF made to third
Batting: RHB Gerold Kent 0-0: Called Strike
0-1: SINGLE (Groundball, 5, EV 83.8 MPH) (infield hit)
Bryant Dixon scores
Tomás Martí to second
Batting: RHB Louie Kennard 0-0: Ball
1-0: Single, Error in OF, E7, batter to second base (Groundball, 6D, EV 96.2 MPH)
Tomás Martí scores
Gerold Kent to third
Batting: RHB Mark Merry 0-0: Ball
1-0: Called Strike
1-1: Foul Ball, location: 2F
1-2: Ball
2-2: Ball
3-2: SINGLE (Line Drive, 89S, EV 93.8 MPH)
Gerold Kent scores
Louie Kennard to third
Runner from 3rd tries for Home, SAFE, throw by RF to home
Pitching: LHP Jeffery Brock
Batting: RHB Vesa Karpinen 0-0: Called Strike
0-1: Swinging Strike
0-2: Ball
1-2: Fielders Choice at 2nd, 6-4 (Groundball, 6, EV 80.0 MPH)
Batting: RHB Michael Brannon 0-0: Ball
1-0: Called Strike
1-1: Hit by Pitch
Vesa Karpinen to second
Batting: RHB Anson Darrah 0-0: Called Strike
0-1: Called Strike
0-2: Ball
1-2: Ball
2-2: Ball
3-2: Base on Balls
Vesa Karpinen to third
Michael Brannon to second
Batting: RHB Bryant Dixon 0-0: Swinging Strike
0-1: Ball
1-1: Ball
2-1: Ball
3-1: Foul Ball, location: 2F
3-2: SINGLE (Groundball, 56D, EV 85.0 MPH) (infield hit)
Vesa Karpinen scores
Michael Brannon to third
Anson Darrah to second
Batting: RHB Sean Roberts 0-0: Ball
1-0: Swinging Strike
1-1: Ball
2-1: Fly out, F3 (Popup, 23F, EV 85.0 MPH)
Top of the 8th over - 5 runs, 5 hits, 1 error, 3 left on base; Port Royal 8 - Syracuse 4
BOTTOM OF THE 8TH
Syracuse Starks batting - Pitching for Port Royal Disaster : LHP Tyrone Poole
Batting: RHB Patrick Mildren 0-0: Fly out, F7 (Flyball, 7D, EV 88.1 MPH)
Batting: RHB Francisco Agámez 0-0: Ball
1-0: SINGLE (Flyball, 89M, EV 98.8 MPH)
Batting: RHB Jonathan Elmore 0-0: Ball
1-0: Swinging Strike
1-1: Called Strike
1-2: Foul Ball, location: 2F
1-2: Strikes out swinging
Batting: RHB Jimmy Robinson 0-0: Ball
1-0: DOUBLE (Groundball, 5L, EV 105.0 MPH)
Francisco Agámez to third
Batting: RHB Damon Newbold 0-0: Ground out 5-3 (Groundball, 56, EV 85.6 MPH)
Bottom of the 8th over - 0 runs, 2 hits, 0 errors, 2 left on base; Port Royal 8 - Syracuse 4
TOP OF THE 9TH
Port Royal Disaster batting - Pitching for Syracuse Starks : LHP Jeffery Brock
Batting: RHB Tomás Martí 0-0: Called Strike
0-1: Foul Ball, location: 2F
0-2: Ball
1-2: SINGLE (Flyball, 78S, EV 95.6 MPH)
Batting: RHB Gerold Kent 0-0: Ball
1-0: Bunted foul
1-1: Bunted foul
1-2: Ball
2-2: Strikes out swinging
Batting: RHB Louie Kennard 0-0: Fly out, F8 (Flyball, 89M, EV 74.4 MPH)
Batting: RHB Mark Merry 0-0: Foul Ball, location: 2F
0-1: Ball
1-1: Ball
2-1: Ball
3-1: Foul Ball, location: 2F
3-2: Fly out, F9 (Flyball, 9LM, EV 90.6 MPH)
Top of the 9th over - 0 runs, 1 hit, 0 errors, 1 left on base; Port Royal 8 - Syracuse 4
BOTTOM OF THE 9TH
Syracuse Starks batting - Pitching for Port Royal Disaster : LHP Tyrone Poole
Pitching: RHP Shawn Stevenson
Batting: RHB Akke Derksen 0-0: Ball
1-0: Foul Ball, location: 2F
1-1: Ball
2-1: Ball
3-1: Fly out, F9 (Flyball, 89D, EV 91.9 MPH)
Batting: LHB Mare Riseley 0-0: Called Strike
0-1: Ball
1-1: Swinging Strike
1-2: Ball
2-2: Foul Ball, location: 2F
2-2: Strikes out looking
Batting: RHB Takashi Miike 0-0: Called Strike
0-1: Swinging Strike
0-2: Ball
1-2: Strikes out swinging
Bottom of the 9th over - 0 runs, 0 hits, 0 errors, 0 left on base; Port Royal 8 - Syracuse 4
Friday, March 26th, 2021 - OOTP Baseball 20.8 Build 74